 Dungeon Crawl Stone Soup version 0.26-a0-665-gefeb406119 (webtiles) character file.

Game seed: 14718545807551308588

4803 jasper the Jinx (level 10, -7/52 HPs)
             Began as a Deep Elf Conjurer on Oct 16, 2020.
             Was an Initiate of Cheibriados.
             Mangled by a killer bee (9 damage)
             ... on level 10 of the Dungeon.
             The game lasted 00:16:05 (11302 turns).

jasper the Jinx (Deep Elf Conjurer)                Turns: 11302, Time: 00:16:05

Health: -7/52      AC:  3    Str:  5    XL:     10   Next: 24%
Magic:  19/26      EV: 28    Int: 28    God:    Cheibriados [......]
Gold:   461        SH:  0    Dex: 14    Spells: 8/29 levels left

rFire    + . .     SeeInvis .   g - +0 hunting sling
rCold    . . .     Faith    .   (no shield)
rNeg     . . .     Spirit   .   a - +0 robe
rPois    +         Reflect  .   m - +0 helmet
rElec    .         Harm     .   (no cloak)
rCorr    .         Rampage  .   (no gloves)
MR       +....                  (no boots)
Stlth    ++........             o - amulet of the acrobat
HPRegen  0.17/turn              b - ring of protection from fire
MPRegen  0.20/turn              x - ring of poison resistance

@: acrobat, very slow
A: no striking features
a: Bend Time, Renounce Religion


You were on level 10 of the Dungeon.
You worshipped Cheibriados.
Cheibriados was noncommittal.
You visited 2 branches of the dungeon, and saw 11 of its levels.

You collected 461 gold pieces.

Inventory:

Hand Weapons
 g - a +0 hunting sling (weapon)
 l - a +2 spear of flaming
Missiles
 d - 202 stones (quivered)
 j - 67 poisoned darts
 E - 2 throwing nets
 J - 5 curare-tipped darts
Armour
 a - a +0 robe (worn)
 m - a +0 helmet (worn)
 s - a +0 kite shield
 w - a +0 leather armour of positive energy
Jewellery
 b - a ring of protection from fire (left hand)
 o - an amulet of the acrobat (around neck)
 x - a ring of poison resistance (right hand)
 y - an uncursed amulet of faith
 F - an uncursed ring of positive energy
 I - an uncursed ring of protection from cold {unknown}
 Q - an uncursed ring of protection from fire
Wands
 u - a wand of iceblast (26)
 G - a wand of enslavement (6)
 M - a wand of polymorph (10)
 N - a wand of disintegration (6)
Scrolls
 c - 15 scrolls of identify {unknown}
 i - 3 scrolls of amnesia {unknown}
 p - 2 scrolls of fog {unknown}
 q - 5 scrolls of teleportation {unknown}
 t - 3 scrolls of fear {unknown}
 v - 3 scrolls of magic mapping {unknown}
 A - 2 scrolls of blinking {unknown}
 B - a scroll of noise {unknown}
 D - 5 scrolls of remove curse {unknown}
 L - a scroll of torment {unknown}
 R - a scroll of immolation {unknown}
Potions
 e - a potion of mutation {unknown}
 f - 3 potions of resistance
 h - 4 potions of brilliance {unknown}
 k - 2 potions of berserk rage {unknown}
 n - 2 potions of curing
 r - a potion of magic {unknown}
 z - a potion of flight {unknown}
 C - a potion of cancellation {unknown}
 H - 2 potions of might {unknown}
 K - a potion of haste {unknown}
 O - a potion of invisibility {unknown}
 P - a potion of degeneration {unknown}
 S - a potion of stabbing {unknown}


   Skills:
 + Level 1.0 Fighting
 + Level 3.1 Dodging
 - Level 2.4 Stealth
 - Level 10.0 Spellcasting
 * Level 9.5 Conjurations
 - Level 12.3 Hexes
 - Level 4.0 Translocations


You had 8 spell levels left.
You knew the following spells:

 Your Spells              Type           Power        Failure   Level
a - Magic Dart            Conj           ####         1%          1
b - Searing Ray           Conj           ######       1%          2
c - Fulminant Prism       Conj/Hex       ######....   1%          4
d - Iskenderun's Mystic   Conj/Tloc      ######..     2%          4
e - Apportation           Tloc           #####.       1%          1
f - Tukima's Dance        Hex            ######..     1%          3
g - Invisibility          Hex            ######..     3%          6

Your spell library contained the following spells:

 Spells                   Type           Power        Failure   Level
 Dazzling Flash           Conj/Hex       ######       1%          3
 Summon Guardian Golem    Hex/Summ       #####...     1%          3
 Lesser Beckoning         Tloc           #####.....   2%          3
 Summon Small Mammal      Summ           ##..         4%          1
 Call Imp                 Summ           ##......     6%          2
 Call Canine Familiar     Summ           ##......     12%         3
 Summon Ice Beast         Ice/Summ       ##......     36%         4
 Summon Lightning Spire   Summ/Air       ##......     36%         4
 Alistair's Intoxication  Tmut/Pois      ##.......    73%         5


Dungeon Overview and Level Annotations

Branches:
Dungeon (10/15)            Temple (1/1) D:6
   Lair: D:8-11         Orc: D:9-12

Altars:
Ashenzari
Cheibriados
Dithmenos
Elyvilon
Fedhas
Gozag
Hepliaklqana
Kikubaaqudgha
Makhleb
Nemelex Xobeh
Okawaru
Qazlal
Ru
Sif Muna
Trog
Uskayaw
Vehumet
Wu Jian
Xom
Yredelemnul
Zin
The Shining One

Shops:
D:7 [   D:9 [

Annotations:
D:9 exclusion: orange crystal statue


Message History

Okay, then.
You feel better. The killer bee stings you.
* * * LOW HITPOINT WARNING * * *
The killer bee closely misses you. The killer bee misses you.
The killer bee closely misses you.
You regained 4 hp, and now have 9/52 hp.
Unknown command.
Casting: Fulminant Prism (safe; 1% risk of failure)
Confirm with . or Enter, or press ? or * to list all spells.
Press: ? - help, Dir - move target cursor You conjure a prism of explosive energy!
A fulminant prism comes into view.
The killer bee barely misses you. The killer bee stings you!
* * * LOW HITPOINT WARNING * * *
The killer bee barely misses you. The jackal bites your fulminant prism.
The killer bee barely misses you.
You take 7 damage, and have 2/52 hp.
You now have 19/26 mp.
Unknown command.
The killer bee misses you. The killer bee stings you!
You die...

{{{....+......#
{#{{{{........#
{{{{#{........#
{{#{{{........# ......
#{{{{.........# ......
{{{#{.........# ......
{#{{{.........#### ..hh.
{{{{..###........# *.*
{{#{....#.......@##'######
.{{{....#.......kkh.......
........#.................
..#.#...#.................
..#.#...+....#######......
..#.#...#....# ......
..#.#...#....# ..$..
..#.#...#.. ....... #####
..#.#...# .......#.....


You could see 2 killer bees and a jackal.

Vanquished Creatures
  Harold (D:9)
  A two-headed ogre (D:9)
  Eustachio (D:4)
  Duvessa (D:4)
  3 water moccasins
  2 sky beasts
  4 ogres
  3 centaurs
  Blork the orc (D:4)
  2 big kobolds
  4 bullfrogs
  A gnoll sergeant (D:8)
  Dowan (D:4)
  2 scorpions
  7 killer bees
  5 howler monkeys (D:7)
  An electric eel (D:10)
  A lava snake (D:10)
  2 quasits
  A gnoll shaman (D:4)
  2 bullfrog skeletons
  2 centaur skeletons
  2 jellies
  2 orc priests
  6 hounds
  An iguana (D:8)
  An orc wizard (D:7)
  7 worker ants
  A killer bee zombie (D:9)
  4 hound skeletons
  Robin (D:2)
  4 gnolls (D:8)
  10 adders
  2 river rats (D:3)
  2 shadow imps (D:7)
  4 white imps
  2 ufetubi
  2 oozes
  2 adder skeletons
  A worm (D:2)
  4 dart slugs
  5 leopard geckos
  12 orcs
  2 ball pythons
  8 giant cockroaches
  14 goblins
  8 hobgoblins
  6 jackals
  21 kobolds
  2 quokkas
  5 bats
  10 frilled lizards
  A leopard gecko skeleton (D:5)
  A leopard gecko zombie (D:5)
  7 rats
208 creatures vanquished.

Vanquished Creatures (others)
  A dancing weapon (D:9)
  8 fulminant prisms
  5 plants (D:10)
14 creatures vanquished.

Grand Total: 222 creatures vanquished

Notes
Turn   | Place    | Note
-------+----------+-------------------------------------------
     0 | D:1      | jasper the Deep Elf Conjurer began the quest for the Orb.
     0 | D:1      | Reached XP level 1. HP: 10/10 MP: 6/6
   223 | D:1      | Reached XP level 2. HP: 15/15 MP: 6/8
   818 | D:1      | Reached skill level 5 in Conjurations
   818 | D:1      | Reached XP level 3. HP: 19/19 MP: 10/10
   955 | D:2      | Found an iron altar of Okawaru.
   955 | D:2      | Found a sparkling altar of Nemelex Xobeh.
   956 | D:2      | Found a shimmering blue altar of Sif Muna.
  1025 | D:2      | Learned a level 2 spell: Searing Ray
  1329 | D:2      | Found a shimmering altar of Xom.
  1330 | D:2      | Found a hazy altar of Hepliaklqana.
  1331 | D:2      | Noticed a spectral ugly thing
  1400 | D:2      | Noticed Robin
  1653 | D:2      | Killed Robin
  1757 | D:2      | Reached XP level 4. HP: 20/24 MP: 8/12
  1768 | D:2      | Learned a level 4 spell: Fulminant Prism
  2498 | D:2      | Found an ancient bone altar of Kikubaaqudgha.
  2614 | D:3      | Reached skill level 1 in Hexes
  2801 | D:3      | Reached skill level 5 in Spellcasting
  2841 | D:3      | Learned a level 4 spell: Iskenderun's Mystic Blast
  3095 | D:3      | Reached XP level 5. HP: 28/28 MP: 9/14
  3521 | D:3      | Found a burning altar of Makhleb.
  3524 | D:3      | Reached skill level 2 in Hexes
  4215 | D:4      | Reached skill level 3 in Hexes
  4457 | D:4      | Reached XP level 6. HP: 18/32 MP: 12/16
  4615 | D:4      | Noticed Blork the orc
  4620 | D:4      | Killed Blork the orc
  4983 | D:4      | Reached skill level 4 in Hexes
  4984 | D:4      | Reached XP level 7. HP: 36/36 MP: 14/19
  5241 | D:4      | Found a white marble altar of Elyvilon.
  5241 | D:4      | Found a glowing silver altar of Zin.
  5242 | D:4      | Found a glowing golden altar of the Shining One.
  5258 | D:4      | Noticed Duvessa
  5258 | D:4      | Noticed Dowan
  5273 | D:4      | Killed Dowan
  5273 | D:4      | Reached skill level 5 in Hexes
  5274 | D:4      | Killed Duvessa
  5543 | D:4      | Noticed Eustachio
  5551 | D:4      | Killed Eustachio
  5863 | D:5      | Entered Level 5 of the Dungeon
  5987 | D:5      | Reached skill level 6 in Hexes
  6016 | D:5      | Reached XP level 8. HP: 17/41 MP: 17/21
  6688 | D:5      | You fall into a shaft and drop 3 floors!
  6969 | D:6      | Reached skill level 7 in Hexes
  7211 | D:6      | Found a staircase to the Ecumenical Temple.
  7217 | Temple   | Entered the Ecumenical Temple
  7536 | D:6      | Reached skill level 1 in Translocations
  8161 | D:7      | Found Qezomm's Armour Emporium.
  8405 | D:7      | Reached XP level 9. HP: 45/45 MP: 20/24
  8633 | D:7      | Learned a level 1 spell: Apportation
  8637 | D:7      | Learned a level 3 spell: Tukima's Dance
  8644 | D:7      | Learned a level 6 spell: Invisibility
  9245 | D:8      | Reached skill level 10 in Spellcasting
  9642 | D:8      | Reached skill level 8 in Hexes
  9898 | D:8      | Reached skill level 9 in Hexes
 10198 | D:8      | Found a sacrificial altar of Ru.
 10247 | D:9      | Reached skill level 10 in Hexes
 10367 | D:9      | Noticed an orange crystal statue
 10485 | D:9      | Found a snail-covered altar of Cheibriados.
 10528 | D:9      | Noticed a two-headed ogre
 10536 | D:9      | Killed a two-headed ogre
 10536 | D:9      | Reached skill level 11 in Hexes
 10624 | D:9      | Noticed Harold
 10675 | D:9      | Killed Harold
 10675 | D:9      | Reached skill level 12 in Hexes
 10675 | D:9      | Reached XP level 10. HP: 50/50 MP: 19/26
 10724 | D:9      | Became a worshipper of Cheibriados the Contemplative
 10793 | D:9      | Found Bekenwer's Antique Armour Shoppe.
 10945 | D:10     | Entered Level 10 of the Dungeon
 11197 | D:10     | Reached skill level 1 in Fighting
 11301 | D:10     | HP: 2/52 [killer bee (7)]
 11302 | D:10     | Mangled by a killer bee

Illustrated notes

Levels and vault maps discovered:
D:1:      dpeg_arrival_central, layout_basic
D:2:      layout_loops_ring, regret_index_temple_of_mockery,
          nicolae_overflow_quartered_altars, uniq_robin
D:3:      kennysheep_big_flooded_room, layout_basic, gup_sewer_entry_bubbles,
          makhleb_heckhound_becter
D:4:      layout_loops_cross, good_gods_mini_temple, minmay_joined_circles,
          uniq_duvessa, uniq_blork_the_orc, uniq_eustachio
D:5:      layout_loops_ring, eino_small_chamber_without_monster,
          chequers_arboretum
D:6:      layout_basic, minmay_temple_entry_proselytizer, kb_rosetta
D:7:      layout_loops_ring, serial_shops, nicolae_shop_statue_plus
D:8:      layout_basic, nicolae_ru_path_of_blood
D:9:      layout_roguey, lemuel_doored_altar, serial_shops,
          kennysheep_little_box, minivault_15, uniq_harold
D:10:     layout_irregular_city, gammafunk_ghost_spectres,
          serial_park_tiny_pond, nicolae_lava_and_water, serial_bayou_lagoon_a
Temple:   minmay_temple_curvy_loop

Skill      XL: |  1  2  3  4  5  6  7  8  9 10 |
---------------+-------------------------------+-----
Spellcasting   | 4 5 6 7 9 10 | 10.0
Conjurations   | 5 6 7 8 9 |  9.5
Hexes          | 1 3 4 6 7 12 | 12.3
Translocations | 3 4 |  4.0
Dodging        | 3 |  3.1
Fighting       | 1 |  1.0
Stealth        | |  2.4

Action                   |  1- 3 |  4- 6 |  7- 9 | 10-12 || total
-------------------------+-------+-------+-------+-------++-------
 Fire: Hunting sling     |    77 |   127 |    73 |     3 ||   280
 Cast: Magic Dart        |    31 |     6 |    18 |     3 ||    58
       Searing Ray       |     5 |    30 |    64 |     7 ||   106
       Fulminant Prism   |       |       |     8 |     2 ||    10
       Tukima's Dance    |       |       |     2 |       ||     2
Evoke: Wand              |       |       |       |     3 ||     3
  Use: Potion            |       |     2 |     1 |     1 ||     4
Armor: Robe              |     8 |    18 |    16 |       ||    42
Dodge: Dodged            |    35 |    45 |    77 |    16 ||   173

Table legend: (Time is in decaauts)
 A = Elapsed time spent in this place.
 B = Non-inter-level travel time spent in this place.
 C = Inter-level travel time spent in this place.
 D = Time resting spent in this place.
 E = Time spent auto-exploring this place.
 F = Levels seen in this place.
 G = Mean time per level.
                   A        B        C        D        E       F      G
               +--------+--------+--------+--------+--------+-----+--------+
         Total |  11493 |  11228 |    265 |   1569 |   8341 |  11 | 1044.8 |
       Dungeon |  11271 |  11029 |    242 |   1569 |   8144 |  10 | 1127.1 |
        Temple |    221 |    198 |     23 |      0 |    197 |   1 |  221.0 |
               +--------+--------+--------+--------+--------+-----+--------+

Top non-repeatable levels by time:
     D:4: 1794 daAuts
     D:3: 1615 daAuts
     D:2: 1587 daAuts
     D:7: 1188 daAuts
     D:8: 1121 daAuts
     D:5: 949 daAuts
     D:1: 945 daAuts
     D:6: 888 daAuts
     D:9: 785 daAuts
    D:10: 396 daAuts
  Temple: 221 daAuts
